 Dungeon Crawl Stone Soup version 0.30-a0-52-g86a8295270 (webtiles) character file.

Game seed: 4264190722065609210

22941 ytrimaz the Severer (level 13, -19/103 HPs)
             Began as a Formicid Fighter on Sept 6, 2022.
             Was a High Priest of Okawaru.
             Demolished by a two-headed ogre
             ... wielding a +0 giant spiked club
              (21 damage)
             ... on level 2 of the Orcish Mines.
             The game lasted 00:20:10 (14500 turns).

ytrimaz the Severer (Formicid Fighter)             Turns: 14500, Time: 00:20:10

Health: -19/103    AC: 21    Str: 25    XL:     13   Next: 31%
Magic:  0/18       EV: 17    Int:  9    God:    Okawaru [*****.]
Gold:   1133       SH:  6    Dex: 13    Spells: 12/12 levels left

rFire   . . .      SeeInvis +    B - +0 executioner's axe
rCold   . . .      Faith    .    c - +0 buckler
rNeg    . . .      Spirit   +    q - +0 plate armour
rPois   .          Reflect  .    (helmet unavailable)
rElec   .          Harm     .    (no cloak)
rCorr   .          Rampage  .    r - +0 pair of gloves
Will    ++...                    s - +0 pair of boots
Stlth   ..........               k - amulet of guardian spirit
HPRegen 0.27/turn                K - ring of the Hare {EV+8}
MPRegen 0.16/turn                p - ring of willpower

@: mighty, heroic, finesse-ful, studying Polearms
A: permanent stasis, dig shafts and tunnels, antennae 3, four strong arms
a: Dig, Shaft Self, Renounce Religion, Heroism, Finesse, Duel


You were on level 2 of the Orcish Mines.
You worshipped Okawaru.
Okawaru was extremely pleased with you.
You visited 3 branches of the dungeon, and saw 14 of its levels.
You also visited: Ossuary and Bailey.

You collected 3497 gold pieces.
You spent 2364 gold pieces at shops.


Innate Abilities, Weirdness & Mutations

You cannot be hasted, slowed, berserked, paralysed or teleported.
You can dig through walls and to a lower floor.
You have a pair of large antennae on your head. (SInv)
Your four strong arms can wield two-handed weapons with a shield.


   Skills:
 - Level 10.0(15.0) Fighting
 + Level 15.5(20.5) Axes
 + Level 12.2(17.2) Armour
 - Level 4.0(9.0) Shields
 - Level 7.0 Invocations


You had 12 spell levels left.
You didn't know any spells.
Your spell library contained the following spells:

 Spells                   Type           Power      Damage    Failure   Level
 Apportation              Tloc           0%         N/A       96%         1
 Foxfire                  Conj/Fire      0%         2x1d4     96%         1
 Necrotise                Necr           0%         1d4       96%         1
 Sublimation of Blood     Necr           0%         N/A       99%         2
 Conjure Flame            Conj/Fire      0%         6-21      100%        3
 Inner Flame              Hex/Fire       0%         N/A       100%        3
 Vampiric Draining        Necr           0%         2d6       100%        3
 Flame Wave               Conj/Fire      0%         2d4       100%        4
 Petrify                  Tmut/Erth      0%         N/A       100%        4
 Agony                    Necr           0%         N/A       100%        5
 Fireball                 Conj/Fire      0%         3d3       100%        5
 Irradiate                Conj/Tmut      0%         3d11      100%        5
 Iskenderun's Battlesphe  Conj           0%         2d6       100%        5
 Conjure Ball Lightning   Conj/Air       0%         3x3d6     100%        6
 Orb of Destruction       Conj           0%         9d5       100%        7
 Discord                  Hex            0%         N/A       100%        8
 Disjunction              Tloc           0%         N/A       100%        8
 Summon Small Mammal      Summ           Unusable   N/A       N/A         1

Inventory:

Hand Weapons
 a - a +0 vorpal war axe
 j - a +2 hand axe of venom
   (You found it on level 1 of the Dungeon)
 v - a +0 hand axe of draining
   (You took it off an orc on level 4 of the Dungeon)
 B - a +0 executioner's axe (weapon)
   (You found it on level 11 of the Dungeon)
Missiles
 f - 2 throwing nets
 G - 17 boomerangs (quivered)
 J - 5 silver javelins
Armour
 b - a +0 troll leather armour
   (You found it on level 11 of the Dungeon)
 c - a +0 buckler (worn)
 q - a +0 plate armour (worn)
   (You found it on level 3 of the Dungeon)
 r - a +0 pair of gloves (worn)
   (You found it on level 3 of the Dungeon)
 s - a +0 pair of boots (worn)
   (You found it on level 3 of the Dungeon)
 E - +0 acid dragon scales
   (You found it on level 10 of the Dungeon)
 I - +0 steam dragon scales
   (You found it on level 9 of the Dungeon)
Jewellery
 k - an amulet of guardian spirit (around neck)
   (You found it on level 1 of the Dungeon)
 n - a ring of protection from cold
   (You found it on level 2 of the Dungeon)
 p - a ring of willpower (right hand)
   (You found it on level 3 of the Dungeon)
 w - an amulet of reflection
   (You found it on level 4 of the Dungeon)
 y - a +6 ring of dexterity
   (You found it on level 6 of the Dungeon)
 C - a +6 ring of strength
   (You found it on level 10 of the Dungeon)
 K - the ring of the Hare (left hand) {EV+8}
   (You bought it in a shop on level 2 of the Dungeon)

   [ring of evasion]

   EV:        It affects your evasion (+8).
Wands
 D - a wand of paralysis (5)
   (You found it on level 10 of the Dungeon)
 F - a wand of roots (6)
   (You found it on level 10 of the Dungeon)
Scrolls
 g - a scroll of vulnerability
 i - 2 scrolls of amnesia
 x - 4 scrolls of silence
 z - a scroll of enchant armour
 L - 2 scrolls of identify
Potions
 e - a potion of invisibility
 h - 4 potions of curing
 l - a potion of attraction
 o - 2 potions of flight
 t - 2 potions of cancellation
 u - a potion of mutation
 M - a potion of brilliance
Miscellaneous
 A - a phial of floods
   (You found it on level 11 of the Dungeon)
 H - a condenser vane
   (You found it on level 9 of the Dungeon)

Dungeon Overview and Level Annotations

Branches:
Dungeon (11/15) Zot: 23843  Temple (1/1) D:5 Zot: 5814    Lair (0/5) D:8
    Orc (2/2) D:10 Zot: 11834 Ossuary (visited)          Bailey (visited)
    Elf: Orc:2

Altars:
Ashenzari
Cheibriados
Dithmenos
Elyvilon
Fedhas
Gozag
Hepliaklqana
Kikubaaqudgha
Makhleb
Nemelex Xobeh
Okawaru
Qazlal
Ru
Sif Muna
Trog
Uskayaw
Vehumet
Wu Jian
Xom
Yredelemnul
Zin
The Shining One

Shops:
D:2 *[=((   Orc:2 ([[

Annotations:
D:8 1 transporter, gregwegmann's ghost, novice HOBe
D:9 2 transporters, gregwegmann's ghost, novice TrMo

#...........<.......
##..................
#..................
##.##.##..........#
##.#...##.........#
#...)[...$.......##
##.#<)..O....#..##
##$#)))).OO.....
#...[)@#{{{...
##.##.O#{{.∩..
###...O.{..{.
......O..O.C
...........{O
##.##.#....... ##
#####.∩.. ....


You could see 2 two-headed ogres, an ogre mage and 3 ogres.


Message History

Okawaru is honoured by your kill.
Unknown command.
You feel much better.
A troll comes into view. x2; A deep troll comes into view. 😨 HP[+23]
You regained 23 hp, and now have 43/103 hp.
Unknown command.
Things that are here:
a +0 giant club; a +0 giant spiked club Unknown command.
Okay, then.
Unknown command. 4 ogres, 2 two-headed ogres and a deep troll come into view.
The ogre shouts! x2; The two-headed ogre shouts in stereo!
The troll shouts!
The deep troll shouts!
An ogre comes into view. It is wielding a +0 giant spiked club.
An ogre mage comes into view. It is wielding a +0 spear.
The two-headed ogre moves out of view.
Things that are here:
a +0 giant club; a +0 giant club You slash the deep troll!
Unknown command.
You slash the deep troll!
A troll comes into view.
You block the deep troll's attack. The deep troll closely misses you.
The deep troll barely misses you. 😨 MP[+1] Unknown command.
Unknown command.
You slice the deep troll!! You slash the troll!
Unknown command.
You slash the deep troll!
You kill the deep troll!
Okawaru accepts your kill. Okawaru grants you a weapon!
Something appears at your feet!
You see here a +2 antimagic battleaxe.
You completely miss the troll.
A cyclops comes into view.
An ogre comes into view. It is wielding a +0 giant spiked club.
You block the troll's attack. The troll misses you.
The troll closely misses you. 😨 HP[+1] Unknown command.
Unknown command.
The ogre shouts!
You slice the troll!!
You kill the troll!
Okawaru accepts your kill.
Unknown command.
Unknown command.
Press: ? - help, v - describe, . - travel
Here: an ogre mage, wielding a +0 spear and wearing a +0 robe The floor.
Things that are here:
a +0 giant club; a +0 giant spiked club Unknown command.
You slice the ogre!! You slash the two-headed ogre!
The two-headed ogre hits you but does no damage.
The two-headed ogre hits you with a +0 giant club!
* * * LOW HITPOINT WARNING * * *
The ogre barely misses you. 😨 HP[-14] MP[-1]
You take 14 damage, and now have 30/103 hp.
You lost 1 mp, and now have 2/18 mp.
Unknown command.
Unknown command.
You slice the two-headed ogre!! You closely miss the ogre.
You hear a shout!
Unknown command.
You dice the two-headed ogre like an onion!!!
You kill the two-headed ogre!
Okawaru accepts your kill.
You hit the ogre.
You kill the ogre!
Okawaru accepts your kill.
Your base Armour skill increases to level 12!
Unknown command.
You slice the deep troll!!
You slash the two-headed ogre! 😨 HP[+1] Unknown command.
You hit the deep troll. You slash the two-headed ogre!
The two-headed ogre hits you with a +0 giant spiked club!
* * * LOW HITPOINT WARNING * * *
The two-headed ogre closely misses you.
The deep troll bites you but does no damage.
You block the deep troll's attack.
The deep troll closely misses you. 😱 HP[-15] MP[-1]
You take 15 damage, and now have 16/103 hp.
You lost 1 mp, and now have 1/18 mp.
Unknown command.
You slice the deep troll!!
You kill the deep troll!
Okawaru accepts your kill.
You slice the two-headed ogre!!
Unknown command.
The two-headed ogre attacks as you move away!
The two-headed ogre hits you with a +0 giant spiked club!
* * * LOW HITPOINT WARNING * * *
The two-headed ogre hits you with a +0 giant club!!
You die...

Skill      XL: |  1  2  3  4  5  6  7  8  9 10 11 12 13 |
---------------+----------------------------------------+-----
Fighting       | 5 6 7 8 10 | 10.0
Axes           | 3 4 5 6 7 9 11 13 15 | 15.5
Invocations    | 4 7 |  7.0
Armour         | 4 8 11 12 | 12.2
Shields        | |  4.0

Action                   |  1- 3 |  4- 6 |  7- 9 | 10-12 | 13-15 || total
-------------------------+-------+-------+-------+-------+-------++-------
Melee: War axe           |    20 |       |    93 |     9 |       ||   122
       Hand axe          |    33 |    54 |   272 |   200 |       ||   559
       Executioner's axe |       |       |       |   319 |    13 ||   332
Invok: Heroism           |       |       |       |    21 |       ||    21
       Finesse           |       |       |       |     2 |       ||     2
 Abil: Shaft Self        |       |       |       |     1 |       ||     1
  Use: Scroll            |     8 |       |     6 |    11 |       ||    25
       Potion            |       |       |       |     9 |     1 ||    10
Armor: Scale mail        |    24 |     2 |       |       |       ||    26
       Plate armour      |       |    31 |   197 |   308 |     2 ||   538
       Acid dragon scale |       |       |       |     7 |       ||     7
Dodge: Dodged            |    41 |    18 |    85 |   276 |     7 ||   427
Block: Buckler           |    12 |    15 |    85 |   162 |     3 ||   277

Levels and vault maps discovered:
D:1:      dpeg_arrival_tiny_k, layout_loops_ring, minmay_misc_feat_square
D:2:      layout_basic, serial_rivers, chequers_serial_rivers_small_b,
          chequers_serial_rivers_small_3, chequers_serial_rivers_room_a,
          chequers_serial_rivers_large_b, serial_shops, shop, shop_fountains,
          nicolae_lakefront_shop, shop, nicolae_shop_waterfront
D:3:      layout_rooms, mainiacjoe_overflow_tiny_flanked,
          minmay_misc_feat_tower, hangedman_abyss_or_decor_lesser_grid,
          chequers_garden
D:4:      minmay_chambers_of_fours, layout_loops_ring,
          mainiacjoe_overflow_paths, lemuel_mausoleum_altar_yredelemnul,
          portal_sewer_entry_b, minivault_23
D:5:      layout_cave_pools, lemuel_tele_altar, lemuel_temple_firewalk_b
D:6:      layout_cave_pods, serial_park, serial_park_avenue1,
          serial_park_tiny_1, serial_park_tiny_pond, serial_park_tiny_2,
          serial_park_square1 [serial_park_minivault_5x5_3], serial_park_gazebo
          [serial_park_minivault_5x5_1], serial_park_square3
          [serial_park_minivault_5x5_7], lightli_ossuary_entry_decrepit_ruins,
          kennysheep_generic_room_9, uniq_eustachio
D:7:      layout_loops_ring, nicolae_elyvilon_temple_path, uniq_joseph,
          uniq_pikel
D:8:      layout_gridville, mainiacjoe_overflow_six_doors_small,
          lair_entry_dummy, gammafunk_ghost_berserking_beasts,
          minmay_manual_macuahuitl, uniq_gastronok
D:9:      layout_gridville, jmf_multi_god_temple, gammafunk_ghost_hive,
          enter_bailey_6
D:10:     layout_stronghold, mainiacjoe_overflow_alcove_4, old_standard_altar,
          hiddenorc2_lemuel, grunt_decor_cap
D:11:     layout_basic, portal_ice_cave_demonic_guard, lemuel_another_geyser
Temple:   hellmonk_temple_flake
Orc:1:    layout_diamond_mine, minmay_shop_enchanted_jewellery
Orc:2:    st_orc_open, layout_caves, serial_shops, shop_fountains,
          nicolae_diamond_shop, nicolae_lakefront_shop, shop_statue

Notes
Turn   | Place    | Note
-------+----------+-------------------------------------------
     0 | D:1      | ytrimaz the Formicid Fighter began the quest for the Orb.
     0 | D:1      | Reached XP level 1. HP: 18/18 MP: 1/1
     0 | D:1      | magus.rc [v1.9.6]
   214 | D:1      | Reached XP level 2. HP: 20/24 MP: 2/2
   708 | D:2      | Found Reurch's Antique Weapon Emporium.
   808 | D:2      | Reached XP level 3. HP: 30/30 MP: 3/3
   882 | D:2      | Reached skill level 4 in Fighting
   888 | D:2      | Found Dopoiz Wodi's Antique Weapon Shop.
  1104 | D:2      | Reached skill level 3 in Axes
  1134 | D:2      | Found Meittiw's Jewellery Emporium.
  1202 | D:2      | Found Derhocel's General Store.
  1212 | D:2      | Found Naakhamu's Armour Shop.
  1575 | D:3      | Noticed a water moccasin
  1580 | D:3      | Killed a water moccasin
  1581 | D:3      | Reached skill level 5 in Fighting
  1581 | D:3      | Reached XP level 4. HP: 39/39 MP: 4/4
  1581 | D:3      | Reached XP level 5. HP: 44/44 MP: 5/5
  1643 | D:3      | Reached skill level 4 in Axes
  2066 | D:3      | Found a sacrificial altar of Ru.
  2143 | D:4      | Noticed a black bear
  2150 | D:4      | Killed a black bear
  2151 | D:4      | Reached XP level 6. HP: 32/52 MP: 1/6
  2290 | D:4      | Reached skill level 6 in Fighting
  2298 | D:4      | Reached skill level 5 in Axes
  2301 | D:4      | Reached XP level 7. HP: 39/58 MP: 5/7
  2524 | D:4      | Found a shadowy altar of Dithmenos.
  2895 | D:4      | You pick up a book of Cantrips and begin reading...
  2895 | D:4      | You add the spells Necrotise, Summon Small Mammal and
                  | Apportation to your library.
  3015 | D:4      | Found a basalt altar of Yredelemnul.
  3092 | D:4      | Reached skill level 7 in Fighting
  3116 | D:4      | Reached skill level 6 in Axes
  3116 | D:4      | Reached XP level 8. HP: 64/67 MP: 8/8
  3592 | D:5      | Entered Level 5 of the Dungeon
  3610 | D:5      | Reached skill level 8 in Fighting
  3678 | D:5      | Found a hide-covered altar of Uskayaw.
  3715 | D:5      | Reached skill level 7 in Axes
  4323 | D:5      | Found a staircase to the Ecumenical Temple.
  4332 | Temple   | Entered the Ecumenical Temple
  4506 | Temple   | Became a worshipper of Warmaster Okawaru
  4564 | D:6      | Reached XP level 9. HP: 75/75 MP: 9/9
  4575 | D:6      | Reached skill level 9 in Fighting
  4659 | D:6      | Reached skill level 8 in Axes
  4945 | D:6      | Found a sand-covered staircase.
  4951 | Ossuary  | Entered an ossuary
  5021 | Ossuary  | Reached * piety under Okawaru
  5497 | D:6      | Reached skill level 10 in Fighting
  5497 | D:6      | Reached skill level 1 in Invocations
  5503 | D:6      | Reached skill level 9 in Axes
  5578 | D:6      | Noticed Eustachio
  5604 | D:6      | Killed Eustachio
  5604 | D:6      | Reached ** piety under Okawaru
  5605 | D:6      | Reached skill level 2 in Invocations
  5731 | D:6      | Reached skill level 3 in Invocations
  5990 | D:7      | Reached skill level 4 in Invocations
  5990 | D:7      | Reached XP level 10. HP: 78/85 MP: 10/13
  6033 | D:7      | You pick up a book of Alchemy and begin reading...
  6033 | D:7      | You add the spells Sublimation of Blood, Petrify and
                  | Irradiate to your library.
  6514 | D:7      | Noticed Joseph
  6533 | D:7      | Killed Joseph
  6534 | D:7      | Reached skill level 10 in Axes
  6534 | D:7      | Reached skill level 5 in Invocations
  6723 | D:7      | Noticed Pikel
  6741 | D:7      | Killed Pikel
  6741 | D:7      | Reached *** piety under Okawaru
  6742 | D:7      | Reached skill level 6 in Invocations
  7083 | D:7      | Found a white marble altar of Elyvilon.
  7240 | D:8      | Found a transporter.
  7247 | D:8      | Noticed gregwegmann's ghost (novice HOBe)
  7247 | D:8      | Noticed Gastronok
  7247 | D:8      | Found the -2 hat of the Alchemist {rElec rPois rF+ rC+ rN+
                  | Will+ rMut rCorr}
  7249 | D:8      | Noticed a moth of wrath
  7283 | D:8      | Killed Gastronok
  7283 | D:8      | Reached **** piety under Okawaru
  7284 | D:8      | Reached skill level 11 in Axes
  7284 | D:8      | Reached skill level 7 in Invocations
  7289 | D:8      | Found a transporter.
  7299 | D:8      | HP: 19/85 [gregwegmann's ghost (4)]
  7300 | D:8      | You fall into a shaft and drop 3 floors!
  7814 | D:11     | Noticed a boulder beetle
  7835 | D:11     | Killed a boulder beetle
  7836 | D:11     | Reached skill level 4 in Armour
  7836 | D:11     | Reached XP level 11. HP: 40/90 MP: 7/16
  8090 | D:11     | Reached skill level 12 in Axes
  8185 | D:11     | You pick up a book of Necromancy and begin reading...
  8185 | D:11     | You add the spells Vampiric Draining and Agony to your
                  | library.
  8219 | D:11     | Noticed a manticore
  8236 | D:11     | Killed a manticore
  8237 | D:11     | Reached skill level 5 in Armour
  8292 | D:10     | Entered Level 10 of the Dungeon
  8633 | D:10     | Reached skill level 6 in Armour
  9119 | D:10     | You pick up a book of Flames and begin reading...
  9119 | D:10     | You add the spells Foxfire, Conjure Flame, Inner Flame and
                  | Flame Wave to your library.
  9255 | D:10     | Found a staircase to the Orcish Mines.
  9668 | D:10     | Reached ***** piety under Okawaru
  9670 | D:10     | Reached skill level 7 in Armour
  9810 | D:10     | Found a shimmering altar of Xom.
 10058 | D:10     | Reached skill level 13 in Axes
 10148 | D:10     | Found a sparkling altar of Nemelex Xobeh.
 10506 | D:9      | Found a radiant altar of Vehumet.
 10506 | D:9      | Found a stormy altar of Qazlal.
 10613 | D:9      | HP: 22/90 [poisoned by a hornet]
 10618 | D:9      | HP: 14/90 [poisoned by a hornet]
 10731 | D:9      | You pick up a book of the Spheres and begin reading...
 10731 | D:9      | You add the spells Iskenderun's Battlesphere, Fireball,
                  | Conjure Ball Lightning and Orb of Destruction to your
                  | library.
 10829 | D:9      | HP: 19/90 [steam dragon/ball of steam (6)]
 10836 | D:9      | Found a flagged portal.
 10946 | Bailey   | Entered a bailey
 11370 | Bailey   | Reached skill level 8 in Armour
 11407 | Bailey   | Reached XP level 12. HP: 53/97 MP: 13/17
 11577 | Bailey   | Found an iron altar of Okawaru.
 11840 | D:2      | Bought the ring of the Hare {EV+8} for 1792 gold pieces
 11840 | D:2      | Found the ring of the Hare {EV+8}
 11863 | D:3      | magus.rc [v1.9.6]
 12039 | D:8      | Noticed a centaur warrior
 12057 | D:8      | Killed a centaur warrior
 12329 | D:8      | Reached skill level 9 in Armour
 12331 | D:8      | Noticed a two-headed ogre
 12345 | D:8      | Killed a two-headed ogre
 12345 | D:8      | Received a gift from Okawaru
 12346 | D:8      | Reached skill level 14 in Axes
 12605 | D:8      | Found a shimmering blue altar of Sif Muna.
 12606 | D:8      | You pick up a book of Chaos and begin reading...
 12606 | D:8      | You add the spells Disjunction and Discord to your library.
 12714 | D:8      | Found a staircase to the Lair.
 13110 | D:9      | Found a transporter.
 13110 | D:9      | Found a transporter.
 13115 | D:9      | Noticed gregwegmann's ghost (novice TrMo)
 13194 | D:9      | Reached skill level 10 in Armour
 13992 | Orc:1    | Entered Level 1 of the Orcish Mines
 14164 | D:2      | Bought a scroll of acquirement for 572 gold pieces
 14166 | D:2      | Acquired 1037 gold pieces
 14346 | Orc:2    | Entered Level 2 of the Orcish Mines
 14392 | Orc:2    | Found Ymismeno's Weapon Shoppe.
 14452 | Orc:2    | Noticed a two-headed ogre
 14465 | Orc:2    | Noticed an ogre mage
 14465 | Orc:2    | Noticed a two-headed ogre
 14470 | Orc:2    | Noticed a two-headed ogre
 14470 | Orc:2    | Noticed a two-headed ogre
 14470 | Orc:2    | Noticed a two-headed ogre
 14472 | Orc:2    | Killed a two-headed ogre
 14472 | Orc:2    | Received a gift from Okawaru
 14477 | Orc:2    | Found Eshiafay's Antique Armour Shop.
 14477 | Orc:2    | Found Teohew's Armour Shop.
 14479 | Orc:2    | Killed an ogre mage
 14480 | Orc:2    | Reached skill level 11 in Armour
 14481 | Orc:2    | Noticed a two-headed ogre
 14482 | Orc:2    | Killed a two-headed ogre
 14482 | Orc:2    | HP: 19/97 [two-headed ogre/+0 giant club (7)]
 14483 | Orc:2    | Reached skill level 15 in Axes
 14483 | Orc:2    | Reached XP level 13. HP: 20/103 MP: 2/18
 14487 | Orc:2    | Noticed an ogre mage
 14491 | Orc:2    | Received a gift from Okawaru
 14497 | Orc:2    | Reached skill level 12 in Armour
 14498 | Orc:2    | HP: 16/103 [two-headed ogre/+0 giant spiked club (15)]
 14500 | Orc:2    | HP: 2/103 [two-headed ogre/+0 giant spiked club (14)]
 14500 | Orc:2    | Demolished by a two-headed ogre

Vanquished Creatures
  Gastronok (D:8)
  A boulder beetle (D:11)
  7 two-headed ogres
  An ogre mage (Orc:2)
  A centaur warrior (D:8)
  2 deep trolls (Orc:2)
  Pikel (D:7)
  A deep elf pyromancer (D:8)
  A cyclops (Orc:2)
  2 manticores
  An ugly thing (D:9)
  Joseph (D:7)
  2 gargoyles (D:10)
  8 trolls
  2 hornets (D:9)
  6 slime creatures (D:9)
  A vampire (D:10)
  8 yaks (D:10)
  Eustachio (D:6)
  2 wyverns (D:6)
  2 steam dragons
  2 acid dragons
  4 water moccasins
  3 ice beasts
  A black bear (D:4)
  7 orc warriors
  9 ogres
  6 centaurs
  A phantom (D:5)
  3 lemures (D:7)
  9 kobold brigands
  3 elf zombies (Ossuary)
  6 bullfrogs
  A gnoll sergeant (D:8)
  3 necrophages
  5 scorpions
  A wight (D:8)
  8 killer bees
  8 howler monkeys
  An electric eel (D:7)
  A gnoll bouda (D:4)
  6 orc priests
  2 jellies
  5 hounds
  A human zombie (D:4)
  5 orc wizards
  4 iguanas
  2 hound zombies (D:4)
  A howler monkey zombie (D:4)
  5 mummies
  11 gnolls
  10 adders
  A shadow imp (D:8)
  3 white imps
  An ufetubus (D:6)
  3 adder zombies (D:4)
  3 worms
  2 dart slugs
  46 orcs
  9 ball pythons
  6 endoplasms
  5 giant cockroaches
  3 gnoll zombies (Ossuary)
  7 hobgoblins
  24 kobolds
  2 quokkas
  3 bats
  3 frilled lizards (D:1)
  11 goblins
  2 goblin zombies (Ossuary)
  6 hobgoblin zombies (Ossuary)
  4 rats
330 creatures vanquished.

Vanquished Creatures (others)
  6 plants (D:7)
6 creatures vanquished.

Grand Total: 336 creatures vanquished

Table legend:
 A = Non-vault XP
 B = Vault XP
 C = Vault XP percentage of total XP
 D = Non-vault monster count
 E = Vault monster count
 F = Vault count percentage of total count
                 A         B        C        D         E       F
            +---------+---------+-------+---------+---------+-------
      Total |   14340 |   18433 |  56.2 |     192 |     135 |  41.3
            +---------+---------+-------+---------+---------+-------
        D:1 |      25 |       0 |   0.0 |      16 |       0 |   0.0
        D:2 |      30 |       0 |   0.0 |       9 |       0 |   0.0
        D:3 |     200 |       0 |   0.0 |      18 |       0 |   0.0
        D:4 |     612 |     482 |  44.1 |      31 |      22 |  41.5
        D:5 |     610 |       0 |   0.0 |      15 |       0 |   0.0
        D:6 |     942 |     626 |  39.9 |      15 |      10 |  40.0
        D:7 |     748 |    1108 |  59.7 |      17 |       2 |  10.5
        D:8 |    1425 |    3969 |  73.6 |      12 |      10 |  45.5
        D:9 |    3461 |     222 |   6.0 |      17 |       2 |  10.5
       D:10 |    3903 |     298 |   7.1 |      28 |      31 |  52.5
       D:11 |    2035 |       0 |   0.0 |       6 |       0 |   0.0
      Orc:2 |     349 |   10126 |  96.7 |       8 |      22 |  73.3
    Ossuary |       0 |     344 | 100.0 |       0 |      16 | 100.0
     Bailey |       0 |    1258 | 100.0 |       0 |      20 | 100.0
            +---------+---------+-------+---------+---------+-------

Illustrated notes

Table legend:
 A = Kills in this place as a percentage of kills in entire the game.
 B = Kills by you in this place as a percentage of kills by you in the entire game.
 C = Kills by friends in this place as a percentage of kills by friends in the entire game.
 D = Other kills in this place as a percentage of other kills in the entire game.
 E = Experience gained in this place as a percentage of experience gained in the entire game.
 F = Experience gained in this place divided by the number of levels of this place that you have seen.
                   A       B       C       D       E      F
               +-------+-------+-------+-------+-------+----------------------
         Total | 100.0 | 100.0 |   N/A |   N/A | 100.0 | 2048.3
       Dungeon |  79.8 |  79.8 |   N/A |   N/A |  63.1 | 1881.5
  Orcish Mines |   9.2 |   9.2 |   N/A |   N/A |  32.0 | 5237.5
       Ossuary |   4.9 |   4.9 |   N/A |   N/A |   1.0 | 344.0
        Bailey |   6.1 |   6.1 |   N/A |   N/A |   3.8 | 1258.0
               +-------+-------+-------+-------+-------+----------------------

Table legend: (Time is in decaauts)
 A = Elapsed time spent in this place.
 B = Non-inter-level travel time spent in this place.
 C = Inter-level travel time spent in this place.
 D = Time resting spent in this place.
 E = Time spent auto-exploring this place.
 F = Levels seen in this place.
 G = Mean time per level.
                   A        B        C        D        E       F      G
               +--------+--------+--------+--------+--------+-----+--------+
         Total |  14544 |  13385 |   1159 |   1638 |   8844 |  16 |  909.0 |
       Dungeon |  13201 |  12074 |   1127 |   1018 |   8533 |  11 | 1200.1 |
        Temple |    185 |    156 |     29 |      0 |    142 |   1 |  185.0 |
  Orcish Mines |    165 |    163 |      2 |      0 |     84 |   2 |   82.5 |
       Ossuary |    276 |    276 |      0 |    119 |     33 |   1 |  276.0 |
        Bailey |    715 |    715 |      0 |    501 |     52 |   1 |  715.0 |
               +--------+--------+--------+--------+--------+-----+--------+

Top non-repeatable levels by time:
    D:10: 2251 daAuts
     D:4: 1617 daAuts
     D:9: 1474 daAuts
     D:7: 1334 daAuts
     D:6: 1207 daAuts
     D:2: 1108 daAuts
     D:8: 1038 daAuts
    D:11: 980 daAuts
     D:5: 872 daAuts
  Bailey: 715 daAuts
     D:1: 689 daAuts
     D:3: 626 daAuts
 Ossuary: 276 daAuts
  Temple: 185 daAuts
   Orc:2: 135 daAuts
